 Dungeon Crawl Stone Soup version 0.20.1-1-g8b1a95d (webtiles) character file.

33 Melbolja the Caller (level 3, -1/26 HPs)
             Began as a Hill Orc Summoner on Oct 2, 2017.
             Slain by a gnoll
             ... wielding a +0 whip
              (10 damage)
             ... on level 2 of the Dungeon.
             The game lasted 00:10:39 (1168 turns).

Melbolja the Caller (Hill Orc Summoner)             Turns: 1168, Time: 00:10:39

Health: -1/26      AC:  3    Str: 10    XL:     3   Next: 29%
Magic:  2/5        EV: 12    Int: 15    God:
Gold:   68         SH:  0    Dex: 12    Spells: 4/5 levels left

rFire    . . .     SeeInvis .   e - +0 hunting sling
rCold    . . .     Gourm    .   (no shield)
rNeg     . . .     Faith    .   a - +0 robe
rPois    .         Spirit   .   (no helmet)
rElec    .         Reflect  .   o - +0 cloak
rCorr    .         Harm     .   (no gloves)
MR       .....                  (no boots)
Stlth    ++........             (no amulet)
Regen    0.1/turn               (no ring)
MPRegen  0.1/turn               (no ring)

@: very slightly contaminated
A: no striking features
a: no special abilities


You were on level 2 of the Dungeon.
You were not hungry.

You visited 1 branch of the dungeon, and saw 2 of its levels.

You collected 68 gold pieces.

Inventory:

Hand Weapons
 d - a +0 short sword
 e - a +0 hunting sling (weapon)
Missiles
 g - 38 bolts
 j - 13 stones (quivered)
 l - 18 sling bullets
 m - 14 poisoned needles
Armour
 a - a +0 robe (worn)
 o - a +0 cloak (worn)
Jewellery
 k - a -2 ring of protection
 p - an uncursed ring of protection from cold {unknown}
Scrolls
 h - 2 scrolls of identify
 q - a scroll of blinking {unknown}
Potions
 f - a potion of might {unknown}
 i - a potion of heal wounds {unknown}
 n - a potion of brilliance {unknown}
Books
 b - a book of Callings

   Spells                             Type                      Level
   a - Summon Small Mammal            Summoning                    1
   b - Call Imp                       Summoning                    2
   c - Call Canine Familiar           Summoning                    3
   d - Summon Guardian Golem          Hexes/Summoning              3
   e - Summon Lightning Spire         Summoning/Air                4
   f - Summon Ice Beast               Ice/Summoning                4
Comestibles
 c - a bread ration


   Skills:
 + Level 0.6 Short Blades
 + Level 0.3 Slings
 + Level 1.7 Dodging
 + Level 1.5 Stealth
 * Level 1.9 Spellcasting
 + Level 4.4 Summonings


You had 4 spell levels left.
You knew the following spells:

 Your Spells              Type           Power        Failure   Level  Hunger
a - Summon Small Mammal   Summ           ##..         3%          1    ##.....


Dungeon Overview and Level Annotations

Branches:
Dungeon (2/15)

Altars:


Message History

Firing (i - inventory. (,) - cycle):
j - 16 stones (quivered)
Press: ? - help, Shift-Dir - straight line, f/p - gnoll
Aim: a gnoll, wielding a whip (lightly wounded)
You shoot a stone. The stone hits the gnoll.
The gnoll is moderately wounded.
The gnoll hits you with a whip.
Firing (i - inventory. (,) - cycle):
j - 15 stones (quivered)
Press: ? - help, Shift-Dir - straight line, f/p - gnoll
Aim: a gnoll, wielding a whip (moderately wounded)
You shoot a stone. The stone closely misses the gnoll.
The stone hits the kobold.
You kill the kobold!
The gnoll closely misses you.
Firing (i - inventory. (,) - cycle):
j - 14 stones (quivered)
Press: ? - help, Shift-Dir - straight line, f/p - gnoll
Aim: a gnoll, wielding a whip (moderately wounded)
You shoot a stone. The stone hits the gnoll.
The gnoll is severely wounded.
The gnoll hits you with a whip!
You die...

#.....#<# .=... #.....#
# #.g. #.....# #!. ...
#.....#####g## .$ #
###.......#..# .. .#
###....##.#K.# .##.### .
....<..)# #..# ...... ..
##......# #.#####.#.#
... ##.#....#
#(.ggg@...#.)..
##.#....#
#######.#......
##.####.# .............#
.).....##########......#
.#.........# #........#
.###...###.# #.##....##
.#
#.###...####.##.##....
.# #.###.####....#..
###. .#
#........#.####..#


You could see 3 gnolls.

Vanquished Creatures
  2 oozes (D:1)
  A dart slug (D:1)
  A goblin (D:1)
  3 hobgoblins
  4 kobolds
  2 bats (D:1)
  A frilled lizard (D:1)
  A rat (D:2)
15 creatures vanquished.

Vanquished Creatures (collateral kills)
  An ooze (D:1)
  A leopard gecko (D:2)
  2 kobolds (D:1)
  2 frilled lizards (D:1)
  2 rats (D:1)
8 creatures vanquished.

Grand Total: 23 creatures vanquished

Notes
Turn   | Place    | Note
-------+----------+-------------------------------------------
     0 | D:1      | Melbolja the Hill Orc Summoner began the quest for the Orb.
     0 | D:1      | Reached XP level 1. HP: 14/14 MP: 3/3
   309 | D:1      | Reached XP level 2. HP: 14/20 MP: 0/4
   706 | D:1      | Reached XP level 3. HP: 26/26 MP: 5/5
  1168 | D:2      | Slain by a gnoll

Action                   || total
-------------------------++-------
Melee: Unarmed           ||     8
       Short sword       ||    14
 Fire: Hunting sling     ||    39
 Cast: Summon Small Mamm ||    27
  Use: Scroll            ||     3
 Stab: Sleeping          ||     3
  Eat: Meat ration       ||     1
Armor: Robe              ||     3
Dodge: Dodged            ||    35
